 Dungeon Crawl Stone Soup version 0.19.1-1-g22dce08 (webtiles) character file.

80 Alarkh the Chopper (level 4, -3/33 HPs)
             Began as a Mummy Skald on Jan 2, 2017.
             Killed by divine providence
             ... invoked by an orc priest
              (14 damage)
             ... on level 3 of the Dungeon.
             The game lasted 00:03:35 (2635 turns).

Alarkh the Chopper (Mummy Skald)                    Turns: 2635, Time: 00:03:36

Health: -3/33      AC:  4    Str: 15    XL:     4   Next: 18%
Magic:  4/7        EV: 11    Int: 12    God:
Gold:   139        SH:  0    Dex: 11    Spells: 3 memorised, 1 level left

rFire  . . .     SeeInvis .     a - +0 hand axe
rCold  . . .     Gourm    .     b - +0 leather armour
rNeg   + + +     Faith    .     (no shield)
rPois  ∞         Spirit   .     (no helmet)
rElec  .         Reflect  .     (no cloak)
rCorr  .         Harm     .     (no gloves)
MR     .....                    l - +0 pair of boots
Stlth  ++........               (no amulet)
                                k - ring of stealth
                                d - ring of fire

@: no status effects
A: no food or potions, fire vulnerability, cold resistance 1, negative energy
resistance 3, torment resistance, unbreathing
a: no special abilities


You were on level 3 of the Dungeon.
You were not hungry.

You visited 1 branch of the dungeon, and saw 3 of its levels.

You collected 139 gold pieces.

Inventory:

Hand Weapons
 a - a +0 hand axe (weapon)
Armour
 b - a +0 leather armour (worn)
 l - a +0 pair of boots (worn)
Jewellery
 d - a ring of fire (left hand)
 g - an uncursed ring of flight
 k - a ring of stealth (right hand)
Scrolls
 e - a scroll of identify
 f - a scroll of amnesia
 h - a scroll of random uselessness
 i - a scroll of enchant armour
 j - a scroll of remove curse {unknown}
Books
 c - a book of Battle

   Spells                             Type                      Level
   a - Infusion                       Charms                       1
   b - Shroud of Golubria             Charms/Translocation         2
   c - Song of Slaying                Charms                       2
   d - Spectral Weapon                Hexes/Charms                 3
   e - Regeneration                   Charms/Necromancy            3


   Skills:
 - Level 2.0 Fighting
 + Level 3.7 Axes
 - Level 0.7 Armour
 - Level 0.7 Dodging
 - Level 2.0 Spellcasting
 - Level 2.4 Charms


You had one spell level left.
You knew the following spells:

 Your Spells              Type           Power        Failure   Level  Hunger
a - Infusion              Chrm           #...         14%         1    N/A
c - Spectral Weapon       Hex/Chrm       #.......     69%         3    N/A
e - Shroud of Golubria    Chrm/Tloc      #.........   34%         2    N/A

Dungeon Overview and Level Annotations

Branches:
Dungeon (3/15)

Altars:

Annotations:
D:3 exclusion: orc priest


Innate Abilities, Weirdness & Mutations

You do not eat or drink.
Your flesh is vulnerable to fire.
You are immune to poison.
Your flesh is cold resistant. (rC+)
You are immune to negative energy. (rN+++)
You are immune to unholy pain and torment.
You can survive without breathing.


Message History

You hit the gnoll.
The gnoll is severely wounded.
The gnoll closely misses you.
You hit the gnoll!
You kill the gnoll!
You hit the gnoll.
The gnoll is moderately wounded.
The gnoll hits you with a whip. The gnoll completely misses you.
You are too injured to fight recklessly!
You are too injured to fight recklessly!
You are too injured to fight recklessly!
You closely miss the gnoll.
The gnoll is moderately wounded.
The gnoll hits you with a whip.
You are no longer magically infusing your attacks.
An orc comes into view. It is wielding a trident.
An orc wizard comes into view. It is wielding a dagger.
The orc priest mumbles some strange prayers to Beogh against you.
Beogh smites you!
You die...

......... .......##...#
.#.# .......
o#####.#####<..####.#.##
######.
...........#...##>g.....
..# #.#..#.).#
######....... #.###..#
#.##.#..# ##g......
#.....# #.##....#
####........ ##..###
#.###...#####...........
##..## #.#
##.....##.###.......
#....## #.# ##o@.g....#
#....>..
#.##..####.###..####g.##
##.#####
#.##.>.<....oo.## ##.#
##.# .....#..##.#####
#.# #..#
...####.##.....# #.##
#g## #### #..#.....#
#..# #.# ##.......#
##.###.### ####....#
#...g...# #....#
#††.....#


You could see an orc priest, an orc wizard (wandering), 2 gnolls and an orc
(wandering).

Vanquished Creatures
  A gnoll (D:3)
  An ooze (D:3)
  2 worms
  A dart slug (D:1)
  A leopard gecko (D:1)
  An orc (D:3)
  3 giant cockroaches
  6 goblins
  7 hobgoblins
  A quokka (D:2)
  A ball python (D:3)
  8 bats
  3 frilled lizards
  9 kobolds
  10 rats
55 creatures vanquished.

Notes
Turn   | Place    | Note
-------+----------+-------------------------------------------
     0 | D:1      | Alarkh the Mummy Skald began the quest for the Orb.
     0 | D:1      | Reached XP level 1. HP: 16/16 MP: 3/3
   200 | D:1      | Reached skill level 2 in Axes
   312 | D:1      | Reached XP level 2. HP: 22/22 MP: 1/5
   813 | D:2      | Reached XP level 3. HP: 21/27 MP: 1/6
   817 | D:2      | Learned a level 2 spell: Shroud of Golubria
   821 | D:2      | Learned a level 3 spell: Spectral Weapon
   925 | D:2      | Reached skill level 3 in Axes
  2540 | D:3      | Reached XP level 4. HP: 33/33 MP: 4/7
  2635 | D:3      | Killed from afar by an orc priest

Skill      XL: |  1  2  3 |
---------------+----------+-----
Axes           | 2 3 |  3.7
Fighting       | |  2.0
Armour         | |  0.7
Dodging        | |  0.7
Spellcasting   | |  2.0
Charms         | |  2.4

Action                   |  1- 3 |  4- 6 || total
-------------------------+-------+-------++-------
Melee: Hand axe          |   148 |    12 ||   160
 Cast: Infusion          |    30 |     2 ||    32
       Shroud of Golubri |     3 |       ||     3
  Use: Scroll            |     3 |       ||     3
 Stab: Sleeping          |     2 |       ||     2
Armor: Leather armour    |    28 |     7 ||    35
Dodge: Dodged            |    97 |     8 ||   105
